 Dungeon Crawl Stone Soup version 0.30.0-29-ga12c61a403 (webtiles) character file.

Game seed: 1311999377664188019

497 Bamboolord the Stinger (level 6, -1/41 HPs)
             Began as a Demonspawn Venom Mage on June 6, 2023.
             Succumbed to an orc's poison
             ... on level 5 of the Dungeon.
             The game lasted 00:12:10 (4895 turns).

Bamboolord the Stinger (Demonspawn Venom Mage)      Turns: 4895, Time: 00:12:10

Health: -1/41      AC: 12    Str:  8    XL:     6   Next: 93%
Magic:  10/10      EV: 13    Int: 19    God:
Gold:   214        SH:  0    Dex: 13    Spells: 5/11 levels left

rFire   + .          .
                       - Unarmed
rCold   + . .        (no shield)
rNeg    . . .        a - +0 robe
rPois   .            (helmet restricted)
rElec   .            w - +0 cloak
rCorr   .            (no gloves)
SInv    .            (no boots)
Will    .....        (no amulet)
Stlth   ++           t - ring of protection from cold
HPRegen 0.26/turn    (no ring)
MPRegen 0.12/turn

%: no passive effects
@: mighty, lethally poisoned (-1 -> -6), sanguine armoured
A: antennae 2, sanguine armour 2, deterioration 1, fire resistance 1
a: no special abilities


You were on level 5 of the Dungeon.
You visited 1 branch of the dungeon, and saw 5 of its levels.

You collected 214 gold pieces.

Inventory:

Missiles
 f - a throwing net
Armour
 a - a +0 robe (worn)
 w - a +0 cloak (worn)
Jewellery
 t - a ring of protection from cold (left hand)
Wands
 q - a wand of charming (5)
 v - a wand of light (11)
Scrolls
 d - a scroll of butterflies
 h - a scroll of torment {unknown}
 i - a scroll of poison
 j - a scroll of noise {unknown}
 n - 2 scrolls of amnesia {unknown}
 o - a scroll of vulnerability {unknown}
 s - 3 scrolls of teleportation {unknown}
Potions
 b - 2 potions of magic
 e - 2 potions of attraction
 k - a potion of cancellation {unknown}
 l - a potion of degeneration {unknown}
 m - a potion of ambrosia
 p - 3 potions of resistance
 u - a potion of lignification {unknown}


   Skills:
 + Level 0.2 Fighting
 * Level 3.3 Dodging
 + Level 1.9 Stealth
 * Level 1.3 Unarmed Combat
 * Level 3.1 Spellcasting
 * Level 2.1 Conjurations
 * Level 3.0 Transmutations
 * Level 1.5 Air Magic
 * Level 4.3 Poison Magic


You had 5 spell levels left.
You knew the following spells:

 Your Spells              Type           Power      Damage    Failure   Level
a - Sting                 Tmut/Pois      64%        1d6       3%          1
b - Poisonous Vapours     Pois/Air       28%        N/A       7%          2
c - Mephitic Cloud        Conj/Pois/Air  12%        N/A       16%         3

Your spell library contained the following spells:

 Spells                   Type           Power      Damage    Failure   Level
 Olgreb's Toxic Radiance  Pois           19%        N/A       26%         4


Dungeon Overview and Level Annotations

Branches:
Dungeon (5/15)
 Temple: D:4-7

Altars:


Innate Abilities, Weirdness & Mutations

You have a pair of antennae on your head.
When seriously injured, your blood forms thick armour. (AC +9)
Your body sometimes deteriorates upon taking damage.
Your flesh is heat resistant. (rF+)


Message History

* * * LOW HITPOINT WARNING * * *
Unknown command.
It was a potion of ambrosia.
You are confused.
You feel invigorated.
You feel sick. The orc hits you but does no damage.
The iguana closely misses you. The gnoll hits you but does no damage.
Okay, then.
Okay, then.
Unknown command.
It was a potion of curing.
You feel better.
You feel less invigorated.
The orc hits you with a +0 flail of venom.
You are poisoned.
The iguana bites you. The gnoll closely misses you.
You feel sick.
You feel sick.
You feel sick. The iguana attacks as you move away! The iguana misses you.
The orc attacks as you move away! The orc closely misses you.
You feel sick.
You feel sick. The orc attacks as you move away!
The orc hits you but does no damage.
You are more poisoned.
You feel very sick.
You feel sick. The orc attacks as you move away! The orc misses you.
You feel sick.
Aiming: Sting (safe; 3% risk of failure)
Press: ? - help, Q - select action, (/) - cycle Shift-Dir - straight line, f/p - orc
Aim: an orc, wielding a +0 flail of venom (74% to hit)
The sting hits the orc.
The orc is poisoned.
The orc is heavily wounded.
You feel sick. The orc hits you but does no damage.
You are lethally poisoned!
* * * LOW HITPOINT WARNING * * *
You feel sick.
* * * LOW HITPOINT WARNING * * *
You feel very sick.
You kill the orc!
* * * LOW HITPOINT WARNING * * *
You feel sick.
It was a potion of mutation.
You feel extremely strange.
You feel yourself wasting away.
You feel resistant to heat.
You die...

# .# ######.#.
########........
#<†....@........
########........
#l.......
####)####....# #..{.#
#....#
#.#######.##.######
##.{.................
#...{...#............
###.#...{.#............


You could see an iguana.

Vanquished Creatures
  A black bear (D:5)
  An ogre (D:5)
  A hound (D:3)
  Crazy Yiuf (D:4)
  Jessica (D:2)
  Natasha (thrice) (D:3)
  Robin (D:2)
  4 adders
  A gnoll (D:3)
  3 worms
  2 dart slugs
  3 orcs
  6 endoplasms
  A giant cockroach (D:3)
  18 goblins
  10 hobgoblins
  5 jackals
  9 ball pythons
  11 bats
  4 frilled lizards
  4 kobolds
  5 rats
95 creatures vanquished.

Notes
Turn   | Place    | Note
-------+----------+-------------------------------------------
     0 | D:1      | Bamboolord the Demonspawn Venom Mage began the quest for
                  | the Orb.
     0 | D:1      | Reached XP level 1. HP: 13/13 MP: 3/3
   184 | D:1      | Gained mutation: You have a pair of small antennae on your
                  | head. [demonic ancestry]
   184 | D:1      | Reached XP level 2. HP: 18/19 MP: 0/5
   371 | D:1      | Reached skill level 1 in Transmutations
   567 | D:1      | Learned a level 2 spell: Poisonous Vapours
   650 | D:1      | Found a faded altar of an unknown god.
   680 | D:1      | Gained mutation: When seriously injured, your blood forms
                  | armour. (AC +9) [demonic ancestry]
   680 | D:1      | Reached XP level 3. HP: 16/24 MP: 0/6
   970 | D:2      | Noticed Jessica
   978 | D:2      | Killed Jessica
   979 | D:2      | Reached skill level 1 in Unarmed Combat
  1088 | D:2      | Gained mutation: You have a pair of antennae on your head.
                  | [demonic ancestry]
  1088 | D:2      | Reached XP level 4. HP: 28/30 MP: 1/7
  1955 | D:2      | Noticed Robin
  1969 | D:2      | Killed Robin
  2304 | D:2      | Learned a level 3 spell: Mephitic Cloud
  2406 | D:3      | Noticed Natasha
  2414 | D:3      | Killed Natasha
  2415 | D:3      | Reached skill level 1 in Air Magic
  2415 | D:3      | Reached XP level 5. HP: 19/35 MP: 1/8
  3070 | D:3      | Reached skill level 4 in Poison Magic
  3635 | D:3      | Noticed Natasha
  3642 | D:3      | Killed Natasha
  3643 | D:3      | Reached skill level 1 in Conjurations
  3826 | D:3      | Noticed Natasha
  3835 | D:3      | Killed Natasha
  3836 | D:3      | Gained mutation: When seriously injured, your blood forms
                  | thick armour. (AC +9) [demonic ancestry]
  3836 | D:3      | Reached XP level 6. HP: 25/41 MP: 6/10
  4128 | D:4      | Found a runed translucent door.
  4129 | D:4      | Noticed Crazy Yiuf
  4477 | D:4      | Killed Crazy Yiuf
  4673 | D:5      | Entered Level 5 of the Dungeon
  4893 | D:5      | HP: 2/41 [poisoned by an orc]
  4895 | D:5      | Gained mutation: Your body sometimes deteriorates upon
                  | taking damage. [potion of mutation]
  4895 | D:5      | Gained mutation: Your flesh is heat resistant. (rF+)
                  | [potion of mutation]
  4895 | D:5      | Succumbed to an orc's poison

Illustrated notes

Levels and vault maps discovered:
D:1:      dpeg_arrival_tiny_i, layout_rooms, nicolae_ecumenical_lake_church
D:2:      layout_basic, uniq_jessica, uniq_robin
D:3:      minmay_razor_zed, layout_loops_ring, kennysheep_generic_room_2,
          uniq_natasha
D:4:      layout_rooms, uniq_crazy_yiuf_cottage
D:5:      minmay_spotlight, layout_basic, yredelemnul_altar_generic,
          mainiacjoe_overflow_alcove_1, gammafunk_ghost_nasty_kobolds,
          serial_shops, nicolae_shop_crystal

Skill      XL: |  1  2  3  4  5  6 |
---------------+-------------------+-----
Dodging        | 2 3 |  3.3
Transmutations | 1 2 3 |  3.0
Unarmed Combat | 1 |  1.3
Air Magic      | 1 |  1.5
Poison Magic   | 4 |  4.3
Conjurations   | 1 2 |  2.1
Spellcasting   | 3 |  3.1
Fighting       | |  0.2
Stealth        | |  1.9

Action                     |  1- 3 |  4- 6 || total
---------------------------+-------+-------++-------
  Melee: Unarmed           |    57 |    98 ||   155
         Punch             |     2 |       ||     2
   Cast: Sting             |    51 |   112 ||   163
         Poisonous Vapours |     2 |     6 ||     8
         Mephitic Cloud    |       |     1 ||     1
    Use: Scroll            |       |     4 ||     4
         Potion            |       |     4 ||     4
 Armour: Robe              |    31 |    56 ||    87
  Dodge: Dodged            |    92 |   133 ||   225
